Map: 트라이튼 - 래더

Players

Dream

  • Race: Terran Terran
  • Spawn Location: 11:00

TSGSolar (Solar) - Winner!

  • Race: Zerg Zerg
  • League: Master
  • Spawn Location: 5:00

VOD

Have the link to the VOD?

Description

Time

  • Played on: Jan. 6, 2020, 9:05 p.m.
  • Length: 13:29
Show
View Real Time Build Order
Export as new Build Order

Dream Terran 

Build Orders: Liberator Opening 

Get SALT Encoding   

  12  0:00  SCV  
  13  0:12  SCV  
  14  0:17  Supply Depot  
  14  0:24  SCV  
  15  0:41  Barracks  
  15  0:52  Barracks  
  15  0:54  SCV  
  16  1:03  Refinery  
  16  1:06  SCV  
  17  1:18  SCV  
  18  1:28  Marine  
  18  1:31  Orbital Command  
  19  1:39  Marine, Bunker  
  20  1:46  Marine  
  21  1:48  Supply Depot  
  21  1:57  Marine  
  22  2:11  SCV  
  22  2:14  Reaper  
  24  2:15  Reaper  
  23  2:23  SCV  
  24  2:35  SCV  
  25  2:43  Factory  
  22  2:47  SCV, Command Center  
  22  2:59  SCV  
  22  3:03  Refinery  
  23  3:11  SCV  
  24  3:23  SCV  
  25  3:27  Factory Reactor  
  25  3:35  SCV, Starport  
  25  3:40  Command Center  
  26  3:47  SCV  
  27  3:56  Liberator  
  27  3:59  Orbital Command  
  27  4:00  SCV  
  28  4:07  Hellion  
  28  4:08  Hellion  
  32  4:12  SCV  
  32  4:15  Orbital Command  
  34  4:20  Barracks Reactor, Barracks Tech Lab  
  34  4:24  SCV  
  35  4:29  Hellion  
  37  4:32  Hellion  
  37  4:36  SCV  
  40  4:39  Marine, Stimpack  
  41  4:49  SCV x2  
  43  4:56  Marine  
  43  4:57  Marine x2  
  43  4:58  SCV  
  47  5:00  Factory Tech Lab  
  47  5:02  Barracks  
  47  5:03  SCV  
  47  5:05  SCV  
  49  5:10  Starport Reactor  
  49  5:12  Orbital Command  
  49  5:14  Marine  
  49  5:15  Marine x2, SCV  
  49  5:19  Supply Depot  
  49  5:20  SCV  
  54  5:24  Engineering Bay  
  57  5:28  Siege Tank  
  57  5:30  SCV  
  57  5:32  SCV  
  59  5:37  Refinery  
  59  5:40  SCV  
  59  5:42  SCV, Refinery  
  61  5:44  Marine  
  61  5:45  Marine x2  
  61  5:47  SCV  
  65  5:50  Medivac  
  65  5:51  Medivac  
  65  5:52  Orbital Command  
  69  5:59  Supply Depot  
  69  6:01  Engineering Bay  
  69  6:04  Supply Depot  
  69  6:06  Supply Depot  
  69  6:15  Terran Infantry Weapons Level 1  
  69  6:18  Combat Shield  
  69  6:20  Marine x5, SCV x2  
  69  6:25  SCV  
  77  6:32  SCV  
  77  6:33  SCV, Supply Depot  
  77  6:34  Supply Depot  
  77  6:38  Marine, Medivac x2  
  84  6:44  Marine x2  
  86  6:50  SCV  
  86  6:53  SCV, Marine  
  87  6:54  Marine  
  87  6:56  Marine, SCV  
  90  7:02  SCV  
  90  7:05  SCV  
  90  7:08  SCV  
  93  7:09  Marine x2  
  93  7:11  Marine  
  94  7:16  SCV  
  94  7:18  SCV  
  94  7:19  Marine  
  94  7:20  Marine, SCV  
  94  7:27  Marine x2, Siege Tank  
  94  7:28  SCV  
  99  7:30  SCV  
  99  7:31  Medivac  
  99  7:32  SCV  
  99  7:35  Marine  
  102  7:37  Marine  
  102  7:38  Marine  
  102  7:40  SCV  
  102  7:42  SCV  
  104  7:44  SCV  
  104  7:45  Marine x2  
  106  7:51  Terran Infantry Armor Level 1  
  106  7:52  SCV, Armory  
  106  7:53  Marine  
  106  7:55  SCV  
  109  8:00  Supply Depot x2  
  109  8:07  Refinery  
  109  8:09  Command Center  
  109  8:19  Supply Depot  
  109  8:20  Supply Depot x2  
  109  8:21  Marine x5, SCV, Barracks  
  109  8:22  Barracks  
  109  8:24  Widow Mine  
  117  8:30  Factory  
  117  8:31  SCV x2  
  117  8:33  Medivac x2  
  117  8:34  SCV  
  124  8:44  Marine, Marauder  
  124  8:45  Marine  
  123  8:48  SCV  
  123  8:55  Widow Mine  
  113  8:59  SCV x2  
  113  9:03  SCV  
  113  9:04  Marine x3  
  113  9:05  Marine x2  
  113  9:09  Medivac x2  
  120  9:11  SCV  
  120  9:14  SCV  
  120  9:15  SCV  
  120  9:16  Widow Mine, Terran Infantry Weapons Level 2  
  127  9:19  Factory Reactor  
  127  9:20  Drilling Claws  
  127  9:22  Marine x3  
  127  9:23  Marine, Barracks Reactor x2, Marauder  
  131  9:27  Barracks x2  
  131  9:28  Barracks  
  131  9:31  Refinery  
  131  9:37  Widow Mine  
  133  9:41  Marine x2  
  133  9:42  Marine x2  
  133  9:45  Medivac x2, Marauder  
  143  9:46  Terran Infantry Armor Level 2  
  143  9:47  Supply Depot  
  143  9:57  Widow Mine  
  143  9:58  Widow Mine  
  143  9:59  Marine x3, Widow Mine  
  151  10:00  Marine  
  151  10:06  Marauder  
  155  10:07  Marine x2  
  157  10:17  Marine x2  
  157  10:18  Marine x2, Widow Mine  
  157  10:19  Widow Mine  
  147  10:24  Widow Mine  
  147  10:26  Medivac  
  147  10:27  Medivac  
  147  10:28  Marauder  
  142  10:31  Marine x2  
  142  10:38  Orbital Command  
  142  10:39  Marine  
  142  10:40  Widow Mine  
  142  10:41  Marine x2  
  134  10:45  Marine  
  134  10:46  Marine x2  
  134  10:48  Marine  
  134  10:49  Marine, Marauder  
  118  10:52  Widow Mine  
  120  10:57  Marine  
  120  10:58  Widow Mine  
  120  10:59  SCV x2  
  124  11:05  SCV  
  124  11:10  Planetary Fortress  
  124  11:14  SCV x2  
  124  11:17  Widow Mine x2  
  130  11:20  Widow Mine  
  130  11:21  SCV  
  132  11:30  SCV x2  
  132  11:32  Marine x7, Marauder  
  136  11:34  SCV, Barracks Tech Lab x3  
  136  11:36  Marine  
  144  11:42  SCV  
  144  11:46  SCV x3  
  148  11:56  Supply Depot  
  148  11:57  Supply Depot  
  148  11:59  Supply Depot  
  148  12:00  Supply Depot  
  148  12:08  Liberator x2  
  148  12:12  Widow Mine x2  
  145  12:16  Widow Mine  
  145  12:19  Marauder x2  
  145  12:20  Marine x5  
  145  12:22  Marine  
  157  12:23  Marine, Marauder  
  157  12:26  Supply Depot  
  166  12:30  Supply Depot  
  166  12:35  Marine, Marauder  
  169  12:38  Marine x2  
  169  12:40  Marauder  
  169  12:41  Marauder  
  171  12:44  Marauder  
  171  12:47  Widow Mine x3  
  170  12:55  Marine  
  170  12:56  Marauder  
  144  12:59  Marine x4  
  144  13:00  Marine  
  144  13:01  Marine, Marauder  
  144  13:02  Marauder  
  144  13:03  Marine  
  143  13:06  Marauder  
Show
View Real Time Build Order
Export as new Build Order

TSGSolar Zerg - Winner!

Build Orders: Hatch First 

Get SALT Encoding   

  12  0:01  Drone  
  13  0:12  Overlord  
  13  0:17  Drone  
  14  0:31  Drone x2  
  16  0:47  Hatchery  
  15  0:51  Drone  
  15  0:54  Drone  
  17  0:57  Drone  
  18  1:09  Extractor  
  17  1:12  Spawning Pool  
  17  1:16  Drone  
  17  1:20  Drone  
  18  1:28  Drone  
  19  1:39  Drone  
  20  1:59  Zergling x4  
  20  2:00  Queen  
  24  2:02  Zergling x2  
  24  2:07  Queen  
  26  2:12  Zergling x4  
  26  2:21  Drone  
  25  2:34  Overlord  
  24  2:38  Drone  
  24  2:43  Drone x2  
  26  2:52  Metabolic Boost  
  26  2:54  Drone  
  27  3:04  Queen  
  29  3:05  Drone  
  29  3:09  Drone  
  29  3:11  Drone  
  32  3:17  Overlord  
  32  3:19  Drone  
  33  3:26  Drone x2  
  35  3:30  Drone  
  35  3:36  Zergling x4, Drone  
  35  3:38  Zergling x2  
  39  3:42  Drone  
  40  3:52  Hatchery  
  40  3:55  Drone  
  40  3:57  Overlord  
  40  4:04  Spore Crawler  
  40  4:05  Drone x2  
  40  4:07  Drone  
  42  4:11  Drone  
  42  4:16  Overlord  
  44  4:18  Drone x2  
  44  4:20  Queen  
  44  4:23  Drone  
  49  4:27  Drone x2  
  49  4:30  Overlord  
  51  4:32  Drone  
  51  4:38  Drone  
  51  4:40  Drone  
  53  4:48  Overlord  
  53  4:50  Lair  
  53  4:51  Drone x4  
  57  4:57  Queen  
  57  4:58  Baneling Nest  
  58  5:00  Drone x2  
  58  5:02  Spore Crawler  
  58  5:03  Drone  
  58  5:05  Drone  
  58  5:06  Drone  
  62  5:10  Extractor  
  62  5:11  Extractor  
  62  5:13  Queen  
  62  5:18  Spore Crawler, Drone  
  62  5:20  Drone x2  
  62  5:21  Drone  
  65  5:23  Drone x2  
  65  5:27  Overlord  
  65  5:28  Drone  
  68  5:29  Drone  
  68  5:31  Zergling x2  
  68  5:32  Drone  
  68  5:33  Drone  
  72  5:35  Overlord  
  72  5:40  Drone  
  73  5:43  Overlord  
  73  5:44  Overlord  
  73  5:47  Drone x2  
  73  5:48  Drone  
  73  5:49  Extractor  
  75  5:50  Centrifical Hooks  
  75  5:53  Overseer  
  75  5:54  Drone  
  76  5:59  Drone  
  76  6:00  Drone  
  76  6:01  Evolution Chamber x2  
  76  6:03  Zergling x6  
  79  6:05  Drone  
  79  6:07  Zergling x2  
  79  6:09  Zergling x6  
  84  6:12  Overlord  
  84  6:16  Zergling x2  
  86  6:18  Drone  
  86  6:25  Drone x2  
  88  6:26  Zergling x4  
  88  6:27  Zergling x2  
  88  6:28  Baneling x4  
  88  6:30  Baneling x3  
  91  6:34  Zerg Melee Weapons Level 1  
  91  6:36  Zerg Ground Armor Level 1  
  91  6:37  Hatchery  
  90  6:40  Zergling x8  
  90  6:42  Zergling x4  
  90  6:45  Zergling x4  
  90  6:46  Zergling x2  
  99  6:48  Overlord  
  99  6:51  Drone  
  99  6:55  Drone x2  
  99  7:00  Zergling x6  
  104  7:06  Baneling x3  
  104  7:07  Overlord  
  105  7:08  Drone  
  105  7:15  Zergling x4  
  102  7:20  Zergling x4  
  103  7:27  Zergling x2  
  103  7:28  Zergling x16  
  108  7:35  Drone x2  
  107  7:39  Drone  
  106  7:44  Overseer, Drone  
  106  7:48  Drone  
  106  7:50  Hatchery  
  106  7:51  Queen, Drone x2  
  106  7:54  Baneling x9  
  106  7:56  Zergling x2, Baneling x2  
  106  7:57  Drone, Baneling x2  
  110  8:00  Drone x2  
  112  8:07  Infestation Pit, Overlord  
  112  8:09  Overlord  
  111  8:13  Drone x2  
  111  8:15  Drone  
  111  8:16  Extractor  
  111  8:17  Drone  
  111  8:18  Zergling x10  
  119  8:22  Drone x2  
  119  8:23  Drone x5  
  119  8:24  Hatchery  
  125  8:27  Zergling x2  
  125  8:28  Overlord  
  125  8:31  Zerg Ground Armor Level 2  
  125  8:32  Zerg Melee Weapons Level 2  
  125  8:33  Zergling x2  
  127  8:34  Zergling x2  
  127  8:36  Baneling x4  
  127  8:37  Zergling x2  
  127  8:39  Overlord  
  128  8:41  Pneumatized Carapace  
  128  8:46  Zergling x14  
  130  8:52  Zergling x10  
  130  8:55  Hive  
  133  8:56  Zergling x2  
  133  8:57  Zergling x4  
  133  9:01  Zergling x2  
  136  9:04  Zergling x2  
  136  9:05  Zergling x6  
  138  9:10  Drone x2  
  138  9:13  Drone x2  
  138  9:14  Extractor  
  138  9:15  Drone x2  
  140  9:18  Zergling x20  
  140  9:23  Overlord x2  
  140  9:24  Overlord  
  149  9:26  Baneling x14  
  149  9:27  Baneling x2  
  149  9:28  Zergling x2  
  149  9:31  Zergling x2  
  151  9:39  Drone x2  
  151  9:40  Zergling x12  
  151  9:43  Zergling x2, Overlord  
  151  9:44  Zergling x10  
  165  9:47  Zergling x14  
  172  9:53  Zergling x4  
  172  9:57  Baneling x9  
  175  10:00  Zergling x8  
  175  10:04  Zergling x4  
  179  10:08  Zergling x4  
  176  10:15  Zergling x2  
  176  10:16  Zergling x22  
  176  10:21  Zergling x8  
  177  10:25  Zergling x2  
  177  10:26  Zergling x2  
  173  10:29  Adrenal Glands, Viper  
  173  10:31  Spire  
  173  10:32  Zergling x6  
  173  10:33  Ultralisk Cavern  
  170  10:40  Zergling x2  
  170  10:41  Zergling x6  
  170  10:42  Zergling x4  
  161  10:47  Drone x2  
  152  10:54  Drone x3  
  152  10:55  Zergling x2  
  157  11:01  Zergling x30  
  170  11:07  Extractor  
  170  11:08  Drone x3  
  170  11:09  Spore Crawler  
  170  11:11  Zergling x2  
  172  11:12  Baneling x11  
  172  11:13  Zergling x6  
  175  11:18  Zergling x4  
  175  11:22  Chitinous Plating  
  175  11:23  Zergling x6  
  180  11:28  Zergling x4  
  180  11:30  Overseer  
  180  11:31  Zergling x2  
  178  11:37  Zergling x30  
  199  11:40  Ultralisk  
  196  11:59  Baneling x16  
  196  12:03  Zergling x8  
  199  12:15  Zergling x16, Ultralisk  
  199  12:23  Zergling x2  
  200  12:37  Baneling x4  
  200  12:38  Baneling x16  
  198  12:47  Zergling x14  
  199  12:55  Zergling x18  
  199  12:57  Zergling x24  
  188  13:02  Zergling x4  
  185  13:06  Zergling x16  
  185  13:09  Zergling x4  
Tags
 
Add a new tag
Caveats
  • Supply blocks, unpowered buildings, or Contaminate may cause inaccurate times.
  • Supply counts are checked every 10 seconds.